 Dungeon Crawl Stone Soup version 0.30-a0-782-ge64f9170bb (webtiles) character file.

Game seed: 5994143181241066516

2461 wogdood the Chucker (level 9, -1/89 HPs)
             Began as a Troll Gladiator on Feb 19, 2023.
             Was a Plaything of Xom.
             Slain by Sigmund the meliai (shapeshifter) (6 damage)
             ... on level 6 of the Dungeon.
             The game lasted 00:13:54 (4624 turns).

wogdood the Chucker (Troll Gladiator)               Turns: 4624, Time: 00:13:54

Health: -1/89      AC:  5    Str: 24    XL:     9   Next: 26%
Magic:  8/8        EV: 10    Int:  4    God:    Xom [....*.]
Gold:   273        SH:  5    Dex: 15    Spells: 8/8 levels left

rFire   + . .      SeeInvis .    b - +0 hand axe (heavy)
rCold   + . .      Faith    .    (no shield)
rNeg    . . .      Spirit   .    y - +0 robe
rPois   +          Reflect  +    c - +1 hat
rElec   +          Harm     .    o - scarf {repulsion}
rCorr   +          Rampage  .    (gloves unavailable)
Will    .....                    (boots unavailable)
Stlth   +                        n - amulet of reflection
HPRegen 1.14/turn                (no ring)
MPRegen 0.11/turn                (no ring)

@: mighty, resistant, repel missiles
A: large, unfitting armour, claws 3, regeneration 1, shaggy fur 1, tough skin 1
a: Renounce Religion


You were on level 6 of the Dungeon.
You worshipped Xom.
You were a beloved toy of Xom.
You visited 1 branch of the dungeon, and saw 6 of its levels.

You collected 273 gold pieces.

Inventory:

Hand Weapons
 a - a +0 war axe of chaos
 b - a +0 heavy hand axe (weapon)
 z - the +2 Maxwell's thermic engine {flame, freeze}
   (You found it on level 4 of the Dungeon)

   It becomes more effective when it hits something.
   This effect fades over time.
 B - a +2 arbalest of flaming
Missiles
 l - a poisoned dart (quivered)
 u - 12 boomerangs
Armour
 c - a +1 hat (worn)
 o - a scarf of repulsion (worn)
 y - a +0 robe (worn)
Jewellery
 f - an amulet of faith
 n - an amulet of reflection (around neck)
 t - a ring of fire
 w - a ring of poison resistance
Wands
 q - a wand of flame (10)
 C - a wand of digging (7)
 D - a wand of light (4)
Scrolls
 h - a scroll of magic mapping
 p - 2 scrolls of vulnerability
 r - 3 scrolls of teleportation
 x - 2 scrolls of amnesia
Potions
 g - 4 potions of brilliance
 i - 2 potions of cancellation
 j - a potion of magic
 m - a potion of degeneration
 s - a potion of heal wounds
 v - a potion of curing


   Skills:
 + Level 6.2 Fighting
 + Level 6.5 Axes
 + Level 6.8 Throwing
 + Level 2.5 Dodging


You had 8 spell levels left.
You didn't know any spells.
Your spell library contained the following spells:

 Spells                   Type           Power      Damage    Failure   Level
 Kiss of Death            Conj/Necr      0%         2d5       50%         1
 Shock                    Conj/Air       0%         1d3       50%         1
 Slow                     Hex            0%         N/A       50%         1
 Blink                    Tloc           0%         N/A       65%         2
 Lesser Beckoning         Tloc           0%         N/A       65%         2
 Momentum Strike          Conj/Tloc      0%         3d8       65%         2
 Sublimation of Blood     Necr           0%         N/A       65%         2
 Wereblood                Tmut           0%         N/A       65%         2
 Animate Dead             Necr           0%         N/A       99%         4
 Manifold Assault         Tloc           0%         N/A       99%         4
 Alistair's Intoxication  Tmut/Pois      0%         N/A       100%        5
 Borgnjor's Vile Clutch   Necr/Erth      0%         N/A       100%        5
 Death Channel            Necr           0%         N/A       100%        6
 Statue Form              Tmut/Erth      0%         N/A       100%        6
 Storm Form               Tmut/Air       0%         N/A       100%        7
 Summon Hydra             Summ           0%         N/A       100%        7
 Shatter                  Erth           0%         3d5*      100%        9


Dungeon Overview and Level Annotations

Branches:
Dungeon (6/15)
 Temple: D:4-7

Altars:
Kikubaaqudgha
Xom
Yredelemnul

Shops:
D:4 [

Annotations:
D:6 Sigmund


Innate Abilities, Weirdness & Mutations

You are too large for most types of armour.
You have claws for hands.
Your natural rate of healing is unusually fast.
You are covered in fur. (AC +1)
You have tough skin. (AC +1)


Message History

Aim: Sigmund the basilisk shaped shifter (moderately wounded, 59% to hit)
You throw a poisoned dart. The poisoned dart hits Sigmund!
Sigmund is poisoned.
Sigmund is moderately wounded.
Throw: 3 darts (poison)
Press: ? - help, Q - select action, (/) - cycle Shift-Dir - straight line, f/p - Sigmund
Aim: Sigmund the basilisk shaped shifter (moderately wounded, very poisoned, 59% to hit)
You throw a poisoned dart.
The poisoned dart closely misses Sigmund.
Sigmund the basilisk changes into a meliai!
Throw: 2 darts (poison)
Press: ? - help, Q - select action, (/) - cycle Shift-Dir - straight line, f/p - Sigmund
Aim: Sigmund the meliai shaped shifter (lightly wounded, 53% to hit)
You throw a poisoned dart. The poisoned dart misses Sigmund.
You closely miss the iguana.
The iguana is severely wounded.
Sigmund closely misses you. x2; The iguana barely misses you.
Sigmund hits you.
* * * LOW HITPOINT WARNING * * *
Sigmund stings you.
* * * LOW HITPOINT WARNING * * *
You slice Sigmund!!
Sigmund is almost dead.
You hit the iguana.
You kill the iguana!
Sigmund closely misses you. Sigmund stings you.
* * * LOW HITPOINT WARNING * * *
Sigmund completely misses you. Sigmund barely misses you.
You block Sigmund's attack. Sigmund stings you but does no damage.
You closely miss Sigmund.
Sigmund is almost dead.
Sigmund misses you. You block Sigmund's attack. Sigmund barely misses you.
Sigmund misses you. Sigmund hits you.
* * * LOW HITPOINT WARNING * * *
Sigmund barely misses you.
You closely miss Sigmund. Your claw misses Sigmund.
Sigmund is almost dead.
Sigmund hits you but does no damage. Sigmund completely misses you.
Sigmund hits you!
* * * LOW HITPOINT WARNING * * *
Sigmund stings you.
You die...

##... #....(...###.... #..
###..).(........ ...
.###..)..(....... ..
.......).(....... .
#.$.)....(....... ...
.....(........## .(..
......(........# .....###
...#....y†....)# #........ .
.........>.###@.....###........
.#...........# #.....#...........
.#...........# #...###.....###...
.............# #...........+.....
.............# #...........##....
......#......##..................
.............##........#.........
..........#####........#.........
.).................##.##.........


You could see Sigmund the meliai shaped shifter.

Vanquished Creatures
  Pikel (D:5)
  Menkaure (D:4)
  3 black bears
  A phantom (D:3)
  A centaur (D:6)
  A necrophage (D:6)
  A scorpion (D:6)
  2 gnoll boudas
  A hound (D:5)
  3 jellies
  4 orc priests
  3 iguanas (D:6)
  Jessica (D:2)
  8 orc wizards
  A scorpion zombie (D:4)
  2 adders
  16 gnolls
  A shadow imp (D:4)
  2 white imps (D:5)
  An adder zombie (D:4)
  2 worms
  A dart slug (D:1)
  32 orcs
  5 bats
  6 endoplasms
  3 giant cockroaches
  9 goblins
  6 hobgoblins
  6 jackals
  3 quokkas
  6 ball pythons
  A frilled lizard (D:1)
  8 kobolds
  5 rats
147 creatures vanquished.

Vanquished Creatures (collateral kills)
  A black bear (D:5)
  An ogre (D:4)
  A phantom (D:4)
  Blork the orc (D:5)
  A hound zombie (D:4)
  3 gnolls (D:4)
  An adder zombie (D:4)
  An adder skeleton (D:4)
  3 orcs (D:5)
  An endoplasm (D:4)
14 creatures vanquished.

Vanquished Creatures (others)
  A phantom (D:6)
1 creature vanquished.

Grand Total: 162 creatures vanquished

Notes
Turn   | Place    | Note
-------+----------+-------------------------------------------
     0 | D:1      | wogdood the Troll Gladiator began the quest for the Orb.
     0 | D:1      | Reached XP level 1. HP: 19/19 MP: 0/0
   111 | D:1      | Reached XP level 2. HP: 5/28 MP: 1/1
   448 | D:1      | Reached XP level 3. HP: 35/35 MP: 2/2
   886 | D:2      | Noticed Jessica
   897 | D:2      | Killed Jessica
   898 | D:2      | Reached XP level 4. HP: 21/44 MP: 3/3
  1169 | D:2      | Got A Beginning Course on Hermeneutics
  1909 | D:3      | Reached XP level 5. HP: 19/52 MP: 4/4
  2357 | D:3      | Noticed a black bear
  2367 | D:3      | Killed a black bear
  2368 | D:3      | Reached XP level 6. HP: 61/61 MP: 5/5
  2606 | D:3      | Found a faded altar of an unknown god.
  2613 | D:3      | Prayed at the altar of an unknown god.
  2613 | D:3      | Became a worshipper of Xom the Unpredictable
  2684 | D:3      | XOM: silly message
  2719 | D:4      | XOM: cleaving
  2725 | D:4      | XOM: summons friendly ufetubus
  2827 | D:4      | Reached XP level 7. HP: 65/68 MP: 6/6
  2960 | D:4      | Found Yvveuxio's Antique Armour Shop.
  2966 | D:4      | XOM: confuse monster(s)
  3072 | D:4      | Found a transporter.
  3098 | D:4      | Found a transporter.
  3098 | D:4      | Found a basalt altar of Yredelemnul.
  3102 | D:4      | Noticed Menkaure
  3130 | D:4      | XOM: scenery: 1 doors open
  3162 | D:4      | Found the +2 Maxwell's thermic engine {flame, freeze}
  3163 | D:4      | Found an ancient bone altar of Kikubaaqudgha.
  3366 | D:4      | Killed Menkaure
  3367 | D:4      | Reached skill level 5 in Axes
  3367 | D:4      | Reached skill level 5 in Throwing
  3367 | D:4      | Reached XP level 8. HP: 47/79 MP: 7/7
  3455 | D:5      | Entered Level 5 of the Dungeon
  3692 | D:5      | Noticed Blork the orc
  3695 | D:5      | XOM: summons 8 friendly demons
  3697 | D:5      | Killed Blork the orc
  3713 | D:5      | Reached skill level 5 in Fighting
  3716 | D:5      | Noticed Pikel
  3718 | D:5      | XOM: summons friendly iron imp
  3727 | D:5      | Killed Pikel
  3847 | D:5      | Got the Directory of the Bane and Grit
  3875 | D:5      | HP: 4/83 [orc priest/divine providence (10)]
  3960 | D:4      | XOM: cast spell 'Summon Hydra'
  4330 | D:6      | Reached XP level 9. HP: 87/88 MP: 8/8
  4471 | D:6      | XOM: summons 2 friendly demons
  4596 | D:6      | XOM: destruction
  4599 | D:6      | HP: 4/89 [gnoll/+0 spear[a gnoll bouda] (4)]
  4600 | D:6      | HP: 1/89 [gnoll/+0 spear[a gnoll bouda] (4)]
  4611 | D:6      | Noticed Sigmund
  4615 | D:6      | Sigmund changed into Sigmund the shapeshifter
  4615 | D:6      | XOM: polymorph Sigmund -> Sigmund the shapeshifter
  4617 | D:6      | XOM: destruction
  4619 | D:6      | Sigmund the basilisk changed into Sigmund the meliai
  4619 | D:6      | Noticed Sigmund (shapeshifter)
  4624 | D:6      | Slain by Sigmund the meliai (shapeshifter)

Illustrated notes

Levels and vault maps discovered:
D:1:      amcnicky_arrival_abandoned_market, layout_basic
D:2:      layout_loops_cross, uniq_jessica
D:3:      layout_basic, dilly_ecumenical_altar_fadedgnrine,
          minmay_misc_feat_hallway
D:4:      layout_basic, gammafunk_temple_of_torment, serial_shops, shop,
          serial_undead, serial_undead_a, serial_undead_f, serial_undead_d,
          serial_undead_e
D:5:      layout_cave_pools, kennysheep_potato, uniq_pikel, uniq_blork_the_orc
D:6:      layout_basic, uniq_sigmund

Skill      XL: |  1  2  3  4  5  6  7  8  9 |
---------------+----------------------------+-----
Throwing       | 2 3 4 5 6 |  6.8
Fighting       | 2 3 4 5 6 |  6.2
Axes           | 3 4 5 6 |  6.5
Dodging        | |  2.5

Action                     |  1- 3 |  4- 6 |  7- 9 || total
---------------------------+-------+-------+-------++-------
  Melee: War axe           |    63 |   157 |   191 ||   411
         Punch             |     1 |     1 |     1 ||     3
         Hand axe          |       |       |    26 ||    26
  Throw: Dart              |       |     4 |     7 ||    11
         Throwing net      |       |     1 |     5 ||     6
         Large rock        |       |     1 |     2 ||     3
         Javelin           |       |       |     5 ||     5
    Use: Scroll            |     7 |     4 |     4 ||    15
         Potion            |     1 |     3 |     6 ||    10
   Stab: Held in net/web   |       |       |     1 ||     1
         Distracted        |       |       |     1 ||     1
 Armour: Robe              |    27 |    73 |    95 ||   195
  Dodge: Dodged            |    33 |   117 |   159 ||   309
         Repelled          |       |     1 |     2 ||     3
  Block: Other             |       |    53 |    67 ||   120
         Reflection        |       |     3 |       ||     3

Table legend: (Time is in decaauts)
 A = Elapsed time spent in this place.
 B = Non-inter-level travel time spent in this place.
 C = Inter-level travel time spent in this place.
 D = Time resting spent in this place.
 E = Time spent auto-exploring this place.
 F = Levels seen in this place.
 G = Mean time per level.
                   A        B        C        D        E       F      G
               +--------+--------+--------+--------+--------+-----+--------+
         Total |   4762 |   4519 |    243 |    760 |   2247 |   6 |  793.7 |
       Dungeon |   4762 |   4519 |    243 |    760 |   2247 |   6 |  793.7 |
               +--------+--------+--------+--------+--------+-----+--------+

Top non-repeatable levels by time:
     D:3: 1211 daAuts
     D:2: 1037 daAuts
     D:5: 822 daAuts
     D:4: 739 daAuts
     D:1: 647 daAuts
     D:6: 304 daAuts
